 Dungeon Crawl Stone Soup version 0.16.1-5-gaa23807 (webtiles) character file.

407 Fluffy the Shield-Bearer (level 6, -12/38 HPs)
             Began as a Gargoyle Fighter on Mar 28, 2015.
             Was a Follower of Okawaru.
             Mangled by an ogre
             ... wielding a +0 giant club
              (22 damage)
             ... on level 4 of the Dungeon.
             The game lasted 00:08:14 (2830 turns).

Fluffy the Shield-Bearer (Gargoyle Fighter)         Turns: 2830, Time: 00:08:14

Health: -12/38     AC: 12    Str: 20    XL:     6   Next: 88%
Magic:  7/7        EV:  8    Int:  8    God:    Okawaru [*.....]
Gold:   177        SH: 10    Dex: 11    Spells: 0 memorised, 5 levels left

rFire  . . .     SeeInvis .     a - +0 flail
rCold  . . .     Clarity  .     b - +0 scale mail
rNeg   + . .     SustAb   .     c - +0 shield
rPois  ∞         Gourm    .     n - +0 helmet
rElec  +         Spirit   .     (no cloak)
rCorr  .         Warding  .     (no gloves)
rMut   .         Stasis   .     (no boots)
MR     .....                    (no amulet)
Stlth  ..........               (no ring)
                                (no ring)

@: not resistant to hostile enchantments, extremely unstealthy
A: negative energy resistance 1, electricity resistance, unbreathing,
petrification resistance, rot immunity, AC +4
a: Heroism, Renounce Religion


You were on level 4 of the Dungeon.
You worshipped Okawaru.
Okawaru was aware of your devotion.
You were very hungry.

You visited 1 branch of the dungeon, and saw 4 of its levels.

You collected 177 gold pieces.

Inventory:

Hand weapons
 a - a +0 flail (weapon)
Armour
 b - a +0 scale mail (worn)
 c - a +0 shield (worn)
 n - a +0 helmet (worn)
Magical devices
 s - a wand of fireball (0)
 v - a wand of hasting (5)
Scrolls
 g - a scroll of noise {unknown}
 i - a scroll of teleportation {unknown}
 k - a scroll of magic mapping {unknown}
 l - a scroll of recharging {unknown}
 o - a scroll of fog {unknown}
 p - a scroll of blinking {unknown}
 q - 4 scrolls of identify {unknown}
 y - a scroll of immolation {unknown}
Potions
 e - a potion of might
 f - 2 potions of invisibility {unknown}
 h - 2 potions of curing
 j - a potion of flight {unknown}
 m - 4 potions of mutation {unknown}
 w - a potion of brilliance {unknown}
Comestibles
 d - 2 bread rations
 r - 2 fruits
 t - a meat ration
 u - a beef jerky
 x - a slice of pizza


   Skills:
 + Level 4.2 Fighting
 + Level 3.3 Maces & Flails
 + Level 4.4 Armour
 - Level 1.3 Dodging
 + Level 5.5 Shields
 + Level 1.6 Invocations


You had 5 spell levels left.
You didn't know any spells.

Dungeon Overview and Level Annotations

Branches:
Dungeon (4/15)
 Temple: D:4-7

Altars:
Fedhas
Okawaru
Trog


Innate Abilities, Weirdness & Mutations

You are resistant to torment.
You are immune to poison.
Your stone body is very resilient (AC +4).
You resist negative energy.
You are resistant to electric shocks.
You can survive without breathing.
You are immune to petrification.
You are immune to rotting.


Message History

You climb downwards.
An ogre comes into view. It is wielding a giant club.
The ogre shouts!
Found 14 gold pieces.
There is a stone staircase leading up here.
The ogre hits you with a giant club.
Found a rapier.
You hit the ogre.
The ogre is lightly wounded.
You block the ogre's attack.
You hit the ogre!
The ogre is moderately wounded.
The ogre hits you with a giant club!!
Ouch! That really hurt!
* * * LOW HITPOINT WARNING * * *
You hit the ogre!
The ogre is heavily wounded.
The ogre hits you with a giant club!!
Ouch! That really hurt!
You die...

... ..... .$.. )
...# #..
...##....
#........
#........
##.........
#O@........
#<.........
#................
...##.......##..
###....## .
##..## #.## #.#
#.#


You could see an ogre.

Vanquished Creatures
  Grinder (D:3)
  Jessica (D:3)
  Robin (D:3)
  7 adders
  3 worms
  2 giant geckos
  5 orcs (D:3)
  3 giant cockroaches
  16 goblins
  16 hobgoblins
  9 jackals
  2 quokkas
  5 bats
  5 giant newts
  7 kobolds
  10 rats
93 creatures vanquished.

Notes
Turn   | Place    | Note
--------------------------------------------------------------
     0 | D:1      | Fluffy, the Gargoyle Fighter, began the quest for the Orb.
     0 | D:1      | Reached XP level 1. HP: 14/14 MP: 1/1
   162 | D:1      | Reached XP level 2. HP: 19/19 MP: 2/2
   616 | D:1      | Reached XP level 3. HP: 23/23 MP: 3/3
   763 | D:2      | Reached skill level 4 in Shields
  1067 | D:2      | Reached XP level 4. HP: 21/29 MP: 4/4
  1217 | D:2      | Reached skill level 1 in Dodging
  1691 | D:3      | Found a blossoming altar of Fedhas.
  1763 | D:3      | Reached XP level 5. HP: 33/33 MP: 5/5
  1826 | D:3      | Noticed Robin
  1869 | D:3      | Killed Robin
  2025 | D:3      | Reached skill level 5 in Shields
  2138 | D:3      | Found a bloodstained altar of Trog.
  2205 | D:3      | Found an iron altar of Okawaru.
  2211 | D:3      | Became a worshipper of Warmaster Okawaru
  2301 | D:3      | Noticed Jessica
  2311 | D:3      | Killed Jessica
  2437 | D:3      | Noticed Grinder
  2440 | D:3      | Paralysed by Grinder for 5 turns
  2464 | D:3      | Killed Grinder
  2464 | D:3      | Acquired Okawaru's first power
  2464 | D:3      | Reached skill level 1 in Invocations
  2464 | D:3      | Reached XP level 6. HP: 18/38 MP: 5/7
  2658 | D:3      | Found a bloodstained altar of Trog.
  2830 | D:4      | Mangled by an ogre

Action                   |  1- 3 |  4- 6 || total
-------------------------+-------+-------++-------
Melee: Flail             |   161 |   223 ||   384
Evoke: Wand              |       |     2 ||     2
  Use: Potion            |       |     3 ||     3
  Eat: Chunk             |     1 |     5 ||     6
